 Dungeon Crawl Stone Soup version 0.32-a0-422-g28b100f618 (webtiles) character file.

Game seed: 17933828468484531930

522 BubbleThief the Slasher (level 7, 0/55 HPs)
             Began as a Coglin Gladiator on Feb 21, 2024.
             Splashed by a jelly's acid (3 damage)
             ... on level 4 of the Dungeon.
             The game lasted 00:04:52 (2859 turns).

BubbleThief the Slasher (Coglin Gladiator)          Turns: 2859, Time: 00:04:52

Health: 0/55       AC:  1    Str: 17    XL:     7   Next: 22%
Magic:  7/7        EV: 13    Int: 10    God:
Gold:   167        SH:  0    Dex: 20    Spells: 6/6 levels left

rFire   . . .        a - +0 long sword {Vusi}
rCold   . . .        u - +5 short sword "Wawkeiky" {drain, Str+3 Int+3 Dex+2}
rNeg    . . .        b - +0 leather armour
rPois   .            c - +0 helmet
rElec   .            (no cloak)
rCorr   .            (no gloves)
SInv    .            o - +0 pair of boots
Will    .....        (no amulet)
Stlth   +            (no ring)
HPRegen 0.29/turn    (no ring)
MPRegen 0.10/turn

%: no passive effects
@: corroded, immotile, revved
A: off-hand wielding, slow wielding, warmup strikes, legs shutdown
a: no special abilities


You were on level 4 of the Dungeon.
You visited 1 branch of the dungeon, and saw 4 of its levels.
You also visited: Sewer.

You collected 167 gold pieces.

Inventory:

Hand Weapons
 a - a +0 long sword (weapon) {Vusi}
 u - the +5 short sword "Wawkeiky" (offhand) {drain, Str+3 Int+3 Dex+2}
   (You found it on level 3 of the Dungeon)

   Str+3:     It affects your strength (+3).
   Int+3:     It affects your intelligence (+3).
   Dex+2:     It affects your dexterity (+2).
Missiles
 d - 2 throwing nets (quivered)
 e - a javelin
 h - 2 curare-tipped darts
Armour
 b - a +0 leather armour (worn)
 c - a +0 helmet (worn)
 o - a +0 pair of boots (worn)
Scrolls
 f - a scroll of fear {unknown}
 g - 4 scrolls of identify {unknown}
 j - a scroll of enchant armour {unknown}
 l - 3 scrolls of amnesia {unknown}
 p - a scroll of poison {unknown}
 t - a scroll of enchant weapon {unknown}
Potions
 i - a potion of curing {unknown}
 k - a potion of heal wounds {unknown}
 n - a potion of mutation {unknown}
 q - a potion of magic {unknown}
 r - a potion of resistance {unknown}
 s - a potion of might {unknown}


   Skills:
 + Level 4.6 Fighting
 * Level 6.7 Long Blades
 - Level 1.7 Throwing
 - Level 2.6 Dodging


You had 6 spell levels left.
You didn't know any spells.
Your spell library contained the following spells:

 Spells                   Type           Power      Damage    Failure   Level
 Scorch                   Fire           0%         2d5       56%         2
 Flame Wave               Conj/Fire      0%         2d4       99%         4
 Summon Cactus Giant      Summ           0%         N/A       100%        6


Dungeon Overview and Level Annotations

Branches:
Dungeon (4/15)              Sewer (visited)
 Temple: D:4-7

Altars:


Innate Abilities, Weirdness & Mutations

You can wield a second weapon in your off-hand.
It takes a long time for you to wield or remove held weapons.
Your first few attacks do less damage.
Attacking and casting redirects power from your legs.


Message History

* * * LOW HITPOINT WARNING * * *
The orc priest threatens, "Beogh's wrath is as vast as their mercy.
Make your choice!"
You hit the orc priest with the +5 short sword "Wawkeiky".
The orc priest is moderately wounded.
You closely miss the orc priest with your +0 long sword.
The quokka bites you but does no damage.
The orc hits you with a +2 flail of protection.
* * * LOW HITPOINT WARNING * * *
The orc priest calls down the wrath of Beogh upon you.
You struggle to resist.
Unknown command.
You puncture the orc priest with the +5 short sword "Wawkeiky"!
You drain the orc priest.
You kill the orc priest!
The quokka barely misses you. The orc barely misses you.
Unknown command.
You hit the orc but do no damage. You drain the orc.
The orc is moderately wounded.
You hit the orc with your +0 long sword.
The quokka bites you but does no damage.
The orc barely misses you. The jelly hits you but does no damage.
The quokka misses you.
Unknown command.
You hit the orc with your +0 long sword.
You kill the orc!
The quokka barely misses you. The jelly hits you but does no damage.
Unknown command.
You slash the quokka with your +0 long sword!
You kill the quokka!
The jelly closely misses you.
Unknown command.
You hit the jelly with your +0 long sword.
Your graspers burn!
* * * LOW HITPOINT WARNING * * *
The jelly is moderately wounded.
You hit the jelly but do no damage.
Your graspers burn!
* * * LOW HITPOINT WARNING * * *
You hit the jelly with your +0 long sword.
The acid corrodes you!
Your graspers burn!
You die...

....# ..)# ..$#####
#+#+#......#
#.#.#......#
..#.#......#
#.#.#J†)...#
#.#.#)@....#
########.#.#......#
..........'......#
.#....#.#.#......#
...
#....#.#.#......#
...
####...#.##.......
....
#...#.##.#.....#
.....
#...#.##.#...#.#
....####.###.#
.#.###


You could see a jelly.

Vanquished Creatures
  Pargi (Sewer)
  A brain worm (Sewer)
  A hound (D:3)
  A jelly (Sewer)
  3 orc priests (D:4)
  Jessica (D:2)
  An orc wizard (D:4)
  2 adders (D:3)
  2 ribbon worms
  A dart slug (D:1)
  An orc (D:4)
  5 bats
  4 endoplasms
  6 giant cockroaches
  3 goblins (D:1)
  8 hobgoblins
  6 jackals
  11 kobolds
  7 quokkas
  8 ball pythons
  4 rats
77 creatures vanquished.

Notes
Turn   | Place    | Note
-------+----------+-------------------------------------------
     0 | D:1      | BubbleThief the Coglin Gladiator began the quest for the
                  | Orb.
     0 | D:1      | Reached XP level 1. HP: 16/16 MP: 1/1
    30 | D:1      | Reached XP level 2. HP: 22/22 MP: 2/2
   376 | D:1      | Reached XP level 3. HP: 15/28 MP: 3/3
   571 | D:1      | Reached skill level 4 in Long Blades
   733 | D:1      | Reached XP level 4. HP: 34/34 MP: 4/4
  1051 | D:2      | Noticed Jessica
  1056 | D:2      | Killed Jessica
  1278 | D:2      | Found a faded altar of an unknown god.
  1531 | D:3      | Reached XP level 5. HP: 41/41 MP: 5/5
  1813 | D:3      | Found a glowing drain.
  1828 | D:3      | Reached skill level 5 in Long Blades
  1845 | Sewer    | Entered a sewer
  1872 | Sewer    | Noticed Pargi
  1881 | Sewer    | Killed Pargi
  1882 | Sewer    | Reached XP level 6. HP: 48/48 MP: 6/6
  2011 | Sewer    | Reached skill level 6 in Long Blades
  2299 | D:3      | Identified the +5 short sword "Wawkeiky" {drain, Str+3
                  | Int+3 Dex+2}
  2849 | D:4      | Reached XP level 7. HP: 37/55 MP: 7/7
  2859 | D:4      | Splashed by a jelly's acid

Illustrated notes

Levels and vault maps discovered:
D:1:      dpeg_arrival_windows_large_door, layout_basic
D:2:      layout_rooms, dreamdust_ecumenical_altar_grove,
          kennysheep_generic_room_10, uniq_jessica
D:3:      layout_loops_corners, gup_sewer_entry_pipe, dk_noncrumbling_4
D:4:      layout_basic, mainiacjoe_overflow_tiny_flanked, lemuel_crystal_altar,
          minmay_temple_entry_stoned_glass, uniq_grinder

Skill      XL: |  1  2  3  4  5  6 |
---------------+-------------------+-----
Long Blades    | 4 5 6 |  6.7
Fighting       | 3 4 |  4.6
Throwing       | |  1.7
Dodging        | |  2.6

Action                     |  1- 3 |  4- 6 |  7- 9 || total
---------------------------+-------+-------+-------++-------
  Melee: Long sword        |    73 |    96 |    10 ||   179
         Dagger            |       |    78 |       ||    78
         Short sword       |       |     8 |     7 ||    15
  Throw: Throwing net      |       |     1 |       ||     1
   Stab: Sleeping          |       |     1 |       ||     1
         Held in net/web   |       |     2 |       ||     2
 Armour: Leather armour    |    42 |    40 |    10 ||    92
  Dodge: Dodged            |    54 |    50 |    11 ||   115

Table legend: (Time is in decaauts)
 A = Elapsed time spent in this place.
 B = Non-inter-level travel time spent in this place.
 C = Inter-level travel time spent in this place.
 D = Time resting spent in this place.
 E = Time spent auto-exploring this place.
 F = Levels seen in this place.
 G = Mean time per level.
                   A        B        C        D        E       F      G
               +--------+--------+--------+--------+--------+-----+--------+
         Total |   2879 |   2809 |     70 |      0 |   2224 |   5 |  575.8 |
       Dungeon |   2554 |   2484 |     70 |      0 |   1979 |   4 |  638.5 |
         Sewer |    324 |    324 |      0 |      0 |    244 |   1 |  324.0 |
               +--------+--------+--------+--------+--------+-----+--------+

Top non-repeatable levels by time:
     D:1: 1052 daAuts
     D:3: 995 daAuts
     D:2: 473 daAuts
   Sewer: 324 daAuts
     D:4: 32 daAuts
